AoeStats
← Ndrangheta

Glade

510651208Analyzed
1v1 RM · 1d ago on Oct 2, 2026· 40m 0s· 2 players
Game mode
Random Map
Map size
Tiny (2 player)
Population
200
Speed
Normal
Resources
Standard
Victory
Conquest
Starting age
Dark Age
Ending age
Imperial Age
RankedLock teamsTeams togetherTeam positionsShared explorationLock speedFull tech treeHidden civsTurbo modeCheats
Victory
Defeat
🇦🇺 Portuguese · Australia
1434
+19
🇦🇷 Bohemians · Argentina
1495
-19
Dinglebob
7:11 Loom
9:21 Feudal Age
9:22 Man-at-Arms
11:59 Arson
14:38 Double-Bit Axe
17:03 Fletching
18:29 Town Watch
21:10 Castle Age
21:37 Scale Mail Armor
21:48 Forging
21:50 Long Swordsman
22:16 Gambesons
29:51 Bodkin Arrow
33:37 Imperial Age
31:00 Horse Collar
31:36 Town Patrol
32:36 Bow Saw
36:07 Scale Barding Armor
36:37 Iron Casting
37:05 Chain Barding Armor
Ndrangheta
3:30 Loom
11:34 Feudal Age
16:22 Castle Age
15:59 Fletching
24:35 Double-Bit Axe
24:36 Horse Collar
28:10 Bodkin Arrow
31:50 Wheelbarrow
35:37 Imperial Age
34:26 Hand Cart
36:21 Scale Barding Armor
36:27 Forging
36:52 Conscription
37:25 Husbandry
36:45 Cavalier
39:28 Scale Barding Armor
39:33 Forging
Connection lost

Rejoining the realm…

Still unreachable

The connection could not be restored.

Session expired

The server has moved on; the page needs a fresh start.